 Dungeon Crawl Stone Soup version 0.31-a0-339-gda1cbd555d (webtiles) character file.

Game seed: 1465390913584890440

202 bmack86 the Shield-Bearer (level 6, -5/53 HPs)
             Began as a Meteoran Fighter on July 21, 2023.
             Killed by divine providence
             ... invoked by an orc priest
              (12 damage)
             ... on level 4 of the Dungeon.
             The game lasted 00:06:30 (1206 turns).

bmack86 the Shield-Bearer (Meteoran Fighter)        Turns: 1206, Time: 00:06:31

Health: -5/53      AC:  9    Str: 19    XL:     6   Next: 30%
Magic:  7/7        EV:  7    Int: 10    God:
Gold:   104        SH:  5    Dex: 14    Spells: 5/5 levels left

rFire   . . .        a - +0 war axe
rCold   . . .        c - +0 buckler
rNeg    . . .        r - +0 chain mail
rPois   .            (no helmet)
rElec   .            (no cloak)
rCorr   .            (no gloves)
SInv    .            (no boots)
Will    .....        (no amulet) Stlth
                     (no ring)
HPRegen 0.28/turn    (no ring)
MPRegen 0.10/turn

%: no passive effects
@: glowing
A: sense surroundings 1, otherworldly, glowing, explore regen
a: no special abilities


You were on level 4 of the Dungeon.
You visited 1 branch of the dungeon, and saw 4 of its levels.

You collected 104 gold pieces.

Inventory:

Hand Weapons
 a - a +0 war axe (weapon)
Armour
 b - a +0 scale mail
 c - a +0 buckler (worn)
 r - a +0 chain mail (worn)
Jewellery
 j - a ring of magical power
Scrolls
 e - 2 scrolls of fear
 f - a scroll of poison
 h - a scroll of blinking {unknown}
 k - a scroll of immolation {unknown}
 o - 2 scrolls of teleportation
 p - a scroll of enchant weapon {unknown}
Potions
 d - a potion of might
 i - 3 potions of invisibility
 l - a potion of resistance {unknown}
 m - 2 potions of curing {unknown}
 n - 2 potions of attraction {unknown}
 q - a potion of enlightenment {unknown}


   Skills:
 + Level 4.4 Fighting
 + Level 4.1 Axes
 + Level 4.8 Armour
 + Level 4.9 Shields


You had 5 spell levels left.
You didn't know any spells.
Your spell library contained the following spells:

 Spells                   Type           Power      Damage    Failure   Level
 Magic Dart               Conj           0%         1d3       98%         1
 Call Imp                 Summ           0%         N/A       99%         2
 Cigotuvi's Dreadful Rot  Necr/Pois/Air  0%         N/A       99%         2
 Lesser Beckoning         Tloc           0%         N/A       99%         2
 Gell's Gravitas          Tloc           0%         N/A       100%        3
 Ignite Poison            Fire/Tmut/Pois 0%         N/A       100%        3
 Mephitic Cloud           Conj/Pois/Air  0%         N/A       100%        3
 Teleport Other           Tloc           0%         N/A       100%        3
 Freezing Cloud           Conj/Ice/Air   0%         6-21      100%        5


Dungeon Overview and Level Annotations

Branches:
Dungeon (4/15) Zot: 1139
 Temple: D:4-7

Altars:


Innate Abilities, Weirdness & Mutations

You passively map a small area around you.
You are easily found by Zot.
You glow in the dark.
You regain HP and MP as you explore.


Message History

The sky beast is moderately wounded.
You barely miss the orc. You block the sky beast's attack.
The orc hits you but does no damage.
An orc comes into view. It is wielding a +0 falchion.
You hit the sky beast but do no damage.
The sky beast is moderately wounded.
You hit the orc.
The sky beast flickers out of sight!
Deactivating autopickup; reactivate with Ctrl-A.
Something hits you but does no damage. The orc barely misses you.
Something hits you. Something shocks you. The orc hits you but does no damage.
You barely miss something. You hit the orc.
You kill the orc!
Something hits you but does no damage.
Unknown command.
You barely miss something. Something hits you. Something shocks you.
You slash something! You closely miss the orc.
Something hits you but does no damage. The orc hits you with a +0 falchion!
Something hits you. Something shocks you.
* * * LOW HITPOINT WARNING * * *
The orc hits you with a +0 falchion.
* * * LOW HITPOINT WARNING * * *
You barely miss something. You closely miss the orc.
You block something's attack. The orc hits you but does no damage.
You barely miss something.
The orc priest shouts!
You hit the orc. Something hits you but does no damage.
The orc hits you but does no damage.
The orc priest calls upon Beogh to heal the orc.
The orc's wounds heal themselves!
Something hits you but does no damage. The orc hits you with a +0 falchion.
* * * LOW HITPOINT WARNING * * *
You miss something. You hit the orc. Something hits you but does no damage.
The orc hits you with a +0 falchion.
* * * LOW HITPOINT WARNING * * *
Unknown command.
You miss something. You closely miss the orc.
Something hits you but does no damage. The orc hits you but does no damage.
The orc priest invokes the aid of Beogh against you.
Beogh smites you!
You die...

, #... ,.######.### ,
*#... #.# *...o.
#...####### #.# ..o.
#.........# #.# ###.). ,
#.........# #.# ..... ,
..........# #.# ....,,,
,#.###o.....###.# ...# * *
#.o..o......##.#
...########..#.#@#.##.##.#
. ####.# .......... ***
..#


You could see an orc priest and 3 orcs.

Vanquished Creatures
  A gnoll bouda (D:3)
  Jessica (D:2)
  4 gnolls (D:3)
  5 adders
  A worm (D:3)
  An orc (D:4)
  3 endoplasms
  2 giant cockroaches
  6 goblins
  7 hobgoblins
  11 jackals
  A quokka (D:1)
  A ball python (D:3)
  4 bats
  A frilled lizard (D:2)
  6 kobolds
  3 rats
58 creatures vanquished.

Notes
Turn   | Place    | Note
-------+----------+-------------------------------------------
     0 | D:1      | bmack86 the Meteoran Fighter began the quest for the Orb.
     0 | D:1      | Reached XP level 1. HP: 19/19 MP: 2/2
   138 | D:1      | Reached XP level 2. HP: 26/26 MP: 3/3
   234 | D:1      | Reached XP level 3. HP: 30/31 MP: 4/4
   292 | D:1      | Found a faded altar of an unknown god.
   355 | D:2      | Noticed Jessica
   359 | D:2      | Killed Jessica
   360 | D:2      | Reached XP level 4. HP: 40/40 MP: 5/5
   793 | D:2      | Reached XP level 5. HP: 43/46 MP: 6/6
   934 | D:4      | Noticed a sky beast
  1020 | D:3      | Reached XP level 6. HP: 39/52 MP: 7/7
  1206 | D:4      | Killed from afar by an orc priest

Illustrated notes

Levels and vault maps discovered:
D:1:      heliophobic_arrival_glass_houses, layout_basic,
          dreamdust_ecumenical_altar_grove, minmay_misc_feat_ornament
D:2:      layout_basic, moated_statue, uniq_jessica
D:3:      layout_basic
D:4:      layout_basic, nicolae_qazlal_beasts_of_the_sky,
          amcnicky_mini_pool_small, minmay_misc_feat_encased

Skill      XL: |  1  2  3  4  5  6 |
---------------+-------------------+-----
Shields        | 4 |  4.9
Axes           | 3 4 |  4.1
Armour         | 4 |  4.8
Fighting       | 4 |  4.4

Action                     |  1- 3 |  4- 6 || total
---------------------------+-------+-------++-------
  Melee: War axe           |    39 |   103 ||   142
    Use: Scroll            |       |     4 ||     4
 Armour: Scale mail        |    28 |    70 ||    98
         Chain mail        |       |    19 ||    19
  Dodge: Dodged            |    13 |    33 ||    46
  Block: Buckler           |    17 |    35 ||    52

Table legend: (Time is in decaauts)
 A = Elapsed time spent in this place.
 B = Non-inter-level travel time spent in this place.
 C = Inter-level travel time spent in this place.
 D = Time resting spent in this place.
 E = Time spent auto-exploring this place.
 F = Levels seen in this place.
 G = Mean time per level.
                   A        B        C        D        E       F      G
               +--------+--------+--------+--------+--------+-----+--------+
         Total |   1258 |   1258 |      0 |      0 |     20 |   4 |  314.5 |
       Dungeon |   1258 |   1258 |      0 |      0 |     20 |   4 |  314.5 |
               +--------+--------+--------+--------+--------+-----+--------+

Top non-repeatable levels by time:
     D:1: 450 daAuts
     D:2: 369 daAuts
     D:3: 339 daAuts
     D:4: 99 daAuts
